 Dungeon Crawl Stone Soup version 0.21-a0-404-g291f19a (webtiles) character file.

44 tof the Chopper (level 3, -1/33 HPs)
             Began as a Minotaur Berserker on Oct 29, 2017.
             Was a Follower of Trog.
             Slain by a shadow imp (4 damage)
             ... summoned by Natasha
             ... on level 2 of the Dungeon.
             The game lasted 00:01:00 (1113 turns).

tof the Chopper (Minotaur Berserker)                Turns: 1113, Time: 00:01:01

Health: -1/33      AC:  5    Str: 22    XL:     3   Next: 39%
Magic:  2/2        EV: 11    Int:  4    God:    Trog [*.....]
Gold:   90         SH:  0    Dex:  9    Spells: 2/2 levels left

rFire    . . .     SeeInvis .   a - +0 hand axe
rCold    . . .     Gourm    .   (no shield)
rNeg     . . .     Faith    .   g - +0 ring mail
rPois    .         Spirit   .   (helmet restricted)
rElec    .         Reflect  .   (no cloak)
rCorr    .         Harm     .   (no gloves)
MR       .....                  (no boots)
Stlth    ..........             (no amulet)
HPRegen  0.11/turn              (no ring)
MPRegen  0.08/turn              (no ring)

@: no status effects
A: retaliatory headbutt, horns 2
a: Berserk, Burn Spellbooks, Renounce Religion


You were on level 2 of the Dungeon.
You worshipped Trog.
Trog was aware of your devotion.
You were hungry.

You visited 1 branch of the dungeon, and saw 2 of its levels.

You collected 90 gold pieces.

Inventory:

Hand Weapons
 a - a +0 hand axe (weapon)
Armour
 b - a +0 animal skin
 g - a +0 ring mail (worn)
Scrolls
 e - a scroll of recharging {unknown}
 h - a scroll of teleportation {unknown}
 i - a scroll of remove curse {unknown}
Potions
 d - 2 potions of haste {unknown}
 j - a potion of heal wounds {unknown}
Comestibles
 c - 2 bread rations
 f - 2 royal jellies


   Skills:
 + Level 4.1 Fighting
 * Level 4.4 Axes
 + Level 3.0 Armour
 + Level 2.7 Dodging


You had 2 spell levels left.
You didn't know any spells.

Dungeon Overview and Level Annotations

Branches:
Dungeon (2/15)

Altars:
The Shining One

Annotations:
D:2 Natasha


Innate Abilities, Weirdness & Mutations

You reflexively headbutt those who attack you in melee.
You have a pair of horns on your head.


Message History

You hit Natasha but do no damage. Natasha barely misses you.
You closely miss Natasha. You completely miss the shadow imp.
The shadow imp closely misses you. You furiously retaliate!
You headbutt the shadow imp. Natasha claws you but does no damage.
You barely miss Natasha. You barely miss the shadow imp.
The shadow imp grinds its teeth.
The shadow imp misses you. Natasha barely misses you.
You slash Natasha! Your headbutt misses Natasha.
Natasha is severely wounded.
You hit the shadow imp. The shadow imp hits you. Natasha claws you.
* * * LOW HITPOINT WARNING * * *
You completely miss Natasha.
Natasha is severely wounded.
You closely miss the shadow imp. The shadow imp hits you.
* * * LOW HITPOINT WARNING * * *
Natasha casts a spell.
You hit Natasha. Your headbutt misses Natasha.
Natasha is severely wounded.
You hit the shadow imp. The shadow imp hits you.
You die...

#. #.##.##.# .. #.
#.##.##.####### ... #.
#.............# ... #.
#..#.##.......> ##.##.
#.>#.########.#
#...#.###..#.########.#
#.#..........##........
#......##..####.#####.#
####.5@##..# #.# #.#
#5.h##..# #.# #.#
###.##..####.#####.#
#.##.............#
#.##.#####.#######
#.##.# #....# #.##.#
####.# #.##.# # ..#


You could see Natasha and 2 shadow imps.

Vanquished Creatures
  An ooze (D:1)
  A dart slug (D:2)
  5 leopard geckos (D:1)
  3 bats (D:1)
  2 giant cockroaches (D:1)
  4 goblins (D:1)
  6 hobgoblins
  4 kobolds (D:1)
  2 rats (D:1)
28 creatures vanquished.

Notes
Turn   | Place    | Note
-------+----------+-------------------------------------------
     0 | D:1      | tof the Minotaur Berserker began the quest for the Orb.
     0 | D:1      | Reached XP level 1. HP: 19/19 MP: 0/0
    67 | D:1      | Reached XP level 2. HP: 27/27 MP: 1/1
   733 | D:1      | Reached XP level 3. HP: 31/33 MP: 2/2
  1040 | D:2      | Found a glowing golden altar of the Shining One.
  1102 | D:2      | Noticed Natasha
  1113 | D:2      | Slain by a shadow imp

Vault maps used:
D:1:      minmay_arrival_plants_in_alcoves
D:2:      lemuel_round_altar, lemuel_round_altar, uniq_natasha

Skill      XL: |  1  2  3 |
---------------+----------+-----
Axes           | 4 |  4.4
Fighting       | 4 |  4.1
Armour         | 3 |  3.0
Dodging        | |  2.7

Action                   || total
-------------------------++-------
Melee: Hand axe          ||    81
       Headbutt          ||     6
 Stab: Sleeping          ||     1
Armor: Ring mail         ||    14
       Animal skin       ||     2
Dodge: Dodged            ||    47

Table legend:
 A = Spawn XP
 B = Non-spawn XP
 C = Spawn XP percentage of total XP
 D = Spawn monster count
 E = Non-spawn monster count
 F = Spawn count percentage of total count
 G = Total turns spent on level
                    A         B        C        D         E        F      G
               +---------+---------+-------+---------+---------+-------+---------
         Total |       0 |      63 |   0.0 |       0 |      28 |   0.0 |  1113
               +---------+---------+-------+---------+---------+-------+---------
           D:1 |       0 |      57 |   0.0 |       0 |      26 |   0.0 |   988
           D:2 |       0 |       6 |   0.0 |       0 |       2 |   0.0 |   125
               +---------+---------+-------+---------+---------+-------+---------
